 Dungeon Crawl Stone Soup version 0.20.1-1-g8b1a95d (webtiles) character file.

147 dohliylev the Covert (level 5, 0/38 HPs)
             Began as a Vampire Assassin on Dec 2, 2017.
             Slain by IrkenScum's ghost (4 damage)
             ... on level 3 of the Dungeon.
             The game lasted 00:07:28 (1833 turns).

dohliylev the Covert (Vampire Assassin)             Turns: 1833, Time: 00:07:29

Health: 0/38       AC:  4    Str: 10    XL:     5   Next: 7%
Magic:  5/5        EV: 13    Int: 13    God:
Gold:   102        SH:  0    Dex: 17    Spells: 4/4 levels left

rFire    . . .     SeeInvis +   a - +1 dagger (venom)
rCold    . . .     Gourm    .   (no shield)
rNeg     . . .     Faith    .   c - +0 robe
rPois    .         Spirit   .   (no helmet)
rElec    .         Reflect  .   d - +0 cloak
rCorr    .         Harm     .   r - +0 pair of gloves
MR       .....                  (no boots)
Stlth    ++++......             l - amulet of magic regeneration
Regen    0.4/turn               (no ring)
MPRegen  0.2/turn               (no ring)

@: regenerating quickly
A: fangs 3, see invisible, unbreathing
a: no special abilities


You were on level 3 of the Dungeon.
You were full.

You visited 1 branch of the dungeon, and saw 3 of its levels.

You collected 102 gold pieces.

Inventory:

Hand Weapons
 a - a +1 dagger of venom (weapon)
 b - a +0 blowgun
Missiles
 e - 6 poisoned needles
 f - 2 curare-tipped needles
Armour
 c - a +0 robe (worn)
 d - a +0 cloak (worn)
 r - a +0 pair of gloves (worn)
Jewellery
 l - an amulet of magic regeneration (around neck)
Scrolls
 h - 3 scrolls of enchant armour {unknown}
 i - 5 scrolls of identify {unknown}
 k - 3 scrolls of magic mapping {unknown}
 n - a scroll of random uselessness {unknown}
 q - a scroll of enchant weapon {unknown}
Potions
 g - 4 potions of blood
 m - 2 potions of brilliance {unknown}
 o - a potion of curing {unknown}
 p - a potion of resistance {unknown}


   Skills:
 - Level 1.7 Fighting
 + Level 3.2 Short Blades
 - Level 1.5 Throwing
 + Level 2.6 Dodging
 - Level 8.2 Stealth


You had 4 spell levels left.
You didn't know any spells.

Dungeon Overview and Level Annotations

Branches:
Dungeon (3/15)

Altars:

Annotations:
D:3 IrkenScum's ghost, amateur MfGl


Innate Abilities, Weirdness & Mutations

Your natural rate of healing is unusually fast.
You have razor-sharp teeth.
You have supernaturally acute eyesight. (SInv)
You can survive without breathing.


Message History

You miss IrkenScum's ghost.
IrkenScum's ghost is moderately damaged.
IrkenScum's ghost hits you.
You hit IrkenScum's ghost. You bite IrkenScum's ghost.
IrkenScum's ghost is heavily damaged.
You barely miss IrkenScum's ghost.
IrkenScum's ghost is heavily damaged.
IrkenScum's ghost misses you.
You closely miss IrkenScum's ghost.
IrkenScum's ghost is heavily damaged.
IrkenScum's ghost hits you!
* * * LOW HITPOINT WARNING * * *
You barely miss IrkenScum's ghost.
IrkenScum's ghost is heavily damaged.
IrkenScum's ghost hits you!
* * * LOW HITPOINT WARNING * * *
You hit IrkenScum's ghost.
IrkenScum's ghost is heavily damaged.
IrkenScum's ghost hits you.
You die...

#. #.###.......
##.## #...........
#...# #..##.#####.
#..# ##.##.# #.
#.# #.##.# #< #.#
#.##.# #. #.#
#.##.#####. #W#
##.##....... #@#
#...#######. #.#
#...........
#.#####....######.
#.##..............
#.[...^......#####
####.........#####
####...........
#.....########
#.#...#


You could see IrkenScum's ghost.

Vanquished Creatures
  4 gnolls (D:2)
  3 adders
  An ooze (D:3)
  3 worms
  2 leopard geckos
  3 orcs (D:3)
  A ball python (D:2)
  9 giant cockroaches
  6 hobgoblins
  7 kobolds
  3 quokkas
  8 bats
  2 frilled lizards
  6 goblins
  3 rats
61 creatures vanquished.

Notes
Turn   | Place    | Note
-------+----------+-------------------------------------------
     0 | D:1      | dohliylev the Vampire Assassin began the quest for the Orb.
     0 | D:1      | Reached XP level 1. HP: 16/16 MP: 1/1
     9 | D:1      | Reached skill level 6 in Stealth
   138 | D:1      | Reached XP level 2. HP: 20/22 MP: 2/2
   316 | D:1      | Reached skill level 7 in Stealth
   697 | D:2      | Reached XP level 3. HP: 25/27 MP: 3/3
   900 | D:2      | Reached skill level 8 in Stealth
   958 | D:2      | Reached XP level 4. HP: 33/33 MP: 4/4
  1628 | D:3      | Reached XP level 5. HP: 37/38 MP: 5/5
  1791 | D:3      | Noticed IrkenScum's ghost (amateur MfGl)
  1833 | D:3      | Slain by IrkenScum's ghost

Skill      XL: |  1  2  3  4 |
---------------+-------------+-----
Stealth        | 6 7 8 |  8.2
Dodging        | 2 |  2.6
Short Blades   | 3 |  3.2
Fighting       | |  1.7
Throwing       | |  1.5

Action                   |  1- 3 |  4- 6 || total
-------------------------+-------+-------++-------
Melee: Dagger            |    73 |    69 ||   142
       Bite              |     9 |     8 ||    17
 Fire: Blowgun           |     6 |     9 ||    15
 Stab: Sleeping          |     4 |    11 ||    15
  Eat: Corpse            |     6 |     5 ||    11
Armor: Robe              |    15 |    15 ||    30
Dodge: Dodged            |    37 |    38 ||    75
